 Dungeon Crawl Stone Soup version 0.17.1-1-g73c8601 (webtiles) character file.

88 JustSomeDude the Sneak (level 4, -6/34 HPs)
             Began as a Demonspawn Assassin on Dec 16, 2015.
             Was an Initiate of Dithmenos.
             Killed by divine providence
             ... invoked by an orc priest
              (11 damage)
             ... on level 3 of the Dungeon.
             The game lasted 00:09:43 (2454 turns).

JustSomeDude the Sneak (Demonspawn Assassin)        Turns: 2454, Time: 00:09:43

Health: -6/34      AC:  5    Str: 12    XL:     4   Next: 29%
Magic:  4/4        EV: 12    Int: 13    God:    Dithmenos [......]
Gold:   100        SH:  0    Dex: 14    Spells: 0 memorised, 3 levels left

rFire  . . .     SeeInvis .     a - +2 dagger
rCold  . . .     Clarity  .     c - +0 robe
rNeg   . . .     SustAt   .     (no shield)
rPois  .         Gourm    .     (no helmet)
rElec  .         Spirit   .     d - +0 cloak
rCorr  .         Warding  .     k - +1 pair of gloves
rMut   .         Stasis   .     (no boots)
MR     .....                    (no amulet)
Stlth  ++++......               (no ring)
                                m - ring of wizardry

@: not resistant to hostile enchantments, stealthy
A: nightstalker 1, rot immunity
a: Renounce Religion


You were on level 3 of the Dungeon.
You worshipped Dithmenos.
Dithmenos was noncommittal.
You were hungry.

You visited 1 branch of the dungeon, and saw 3 of its levels.

You collected 100 gold pieces.

Inventory:

Hand Weapons
 a - a +2 dagger (weapon)
 b - a +0 blowgun
Missiles
 e - 8 poisoned needles
 f - 2 curare-tipped needles
Armour
 c - a +0 robe (worn)
 d - a +0 cloak (worn)
 k - a +1 pair of gloves (worn)
Jewellery
 m - a ring of wizardry (left hand)
Scrolls
 h - a scroll of blinking {unknown}
 j - 4 scrolls of teleportation {unknown}
 r - a scroll of random uselessness {unknown}
 s - 2 scrolls of identify {unknown}
Potions
 i - a potion of beneficial mutation {unknown}
 n - a potion of degeneration {unknown}
 q - a potion of agility {unknown}
Comestibles
 g - 2 bread rations
 l - a meat ration
 o - 2 fruits
 p - a beef jerky


   Skills:
 + Level 2.6 Fighting
 + Level 2.0 Short Blades
 + Level 1.9 Throwing
 + Level 1.4 Dodging
 + Level 4.8 Stealth


You had 3 spell levels left.
You didn't know any spells.

Dungeon Overview and Level Annotations

Branches:
Dungeon (3/15)

Altars:
Dithmenos
Xom


Innate Abilities, Weirdness & Mutations

You are slightly more attuned to the shadows.
You are immune to rotting.


Message History

The orc priest is lightly wounded.
The orc hits you but does no damage. The orc barely misses you.
You hit the orc priest but do no damage.
The orc priest is lightly wounded.
The orc priest hits you with a mace. The orc hits you with a dagger.
You see here 4 gold pieces.
You barely miss the orc.
The orc priest mumbles some strange prayers to Beogh against you.
Something smites you!
* * * LOW HITPOINT WARNING * * *
The orc hits you but does no damage.
You are too injured to fight recklessly!
You are too injured to fight recklessly!
You are too injured to fight recklessly!
The orc hits you with a flail.
* * * LOW HITPOINT WARNING * * *
The orc priest looks braver for a moment.
The orc priest mumbles some strange prayers to Beogh against you.
Something smites you!
You die...

#..........#
#........'.#
###........#
#........#.#
#........#
#........+<#
#........#
#........###
#.$....$.#
##########
#.......o#
........o.#
.........o#######
..........@......
................
...####........
### #........
#........
#########


You could see an orc priest and 2 orcs.

Vanquished Creatures
  2 adders (D:2)
  2 worms
  2 orcs (D:3)
  2 ball pythons (D:3)
  8 goblins
  10 hobgoblins
  4 jackals (D:1)
  A quokka (D:2)
  6 bats
  4 giant cockroaches
  2 giant geckos (D:2)
  5 giant newts
  7 kobolds
  5 rats
60 creatures vanquished.

Notes
Turn   | Place    | Note
--------------------------------------------------------------
     0 | D:1      | JustSomeDude the Demonspawn Assassin began the quest for the Orb.
     0 | D:1      | Reached XP level 1. HP: 16/16 MP: 1/1
   146 | D:1      | Gained mutation: You are slightly more attuned to the shadows. [demonic ancestry]
   146 | D:1      | Reached XP level 2. HP: 5/22 MP: 2/2
   472 | D:1      | Reached skill level 4 in Stealth
   862 | D:1      | Reached skill level 1 in Dodging
  1271 | D:1      | Reached XP level 3. HP: 27/27 MP: 3/3
  1716 | D:2      | Found a shimmering altar of Xom.
  1730 | D:2      | Became a worshipper of Xom the Unpredictable
  2093 | D:3      | Found a shadowy altar of Dithmenos.
  2100 | D:3      | Fell from the grace of Xom
  2100 | D:3      | Became a worshipper of Dithmenos the Shadowed
  2105 | D:3      | Gained mutation: You are immune to rotting. [demonic ancestry]
  2105 | D:3      | Reached XP level 4. HP: 34/34 MP: 4/4
  2322 | D:3      | Found a faded altar to an unknown god.
  2454 | D:3      | Killed from afar by an orc priest

Action                   |  1- 3 |  4- 6 || total
-------------------------+-------+-------++-------
Melee: Dagger            |   156 |    38 ||   194
 Stab: Sleeping          |    17 |     4 ||    21
  Eat: Bread ration      |     1 |       ||     1
